AoeStats
← NDF

Arena

505527126Analyzed
1v1 RM · 22d ago on Sep 9, 2026· 42m 33s· 2 players
Game mode
Random Map
Map size
Tiny (2 player)
Population
200
Speed
Normal
Resources
Standard
Victory
Conquest
Starting age
Dark Age
Ending age
Imperial Age
RankedLock teamsTeams togetherTeam positionsShared explorationLock speedFull tech treeHidden civsTurbo modeCheats
Victory
Defeat
🇧🇷 Malians · Brazil
511
+16
🇦🇷 Teutons · Argentina
503
-16
NDF
2:38 Loom
12:46 Feudal Age
12:54 Man-at-Arms
25:33 Castle Age
23:26 Double-Bit Axe
23:24 Horse Collar
24:16 Gold Mining
24:17 Stone Mining
26:14 Crossbowman
27:46 Stone Shaft Mining
29:52 Elite Skirmisher
39:50 Imperial Age
g
0:44 Loom
13:06 Feudal Age
16:52 Man-at-Arms
20:18 Double-Bit Axe
23:15 Wheelbarrow
27:06 Castle Age
28:03 Hand Cart
28:20 Bow Saw
40:21 Imperial Age
Connection lost

Rejoining the realm…

Still unreachable

The connection could not be restored.

Session expired

The server has moved on; the page needs a fresh start.